 Dungeon Crawl Stone Soup version 0.19-a0-414-g76fec5b (webtiles) character file.

33 wvc the Skirmisher (level 3, 0/39 HPs)
             Began as an Ogre Wanderer on May 31, 2016.
             Slain by a worm (1 damage)
             ... on level 2 of the Dungeon.
             The game lasted 00:03:09 (1216 turns).

wvc the Skirmisher (Ogre Wanderer)                  Turns: 1216, Time: 00:03:10

Health: 0/39       AC:  3    Str: 18    XL:     3   Next: 29%
Magic:  8/8        EV:  9    Int: 10    God:
Gold:   83         SH:  0    Dex: 10    Spells: 0 memorised, 9 levels left

rFire  . . .     SeeInvis .     i - +0 club
rCold  . . .     Gourm    .     d - +0 robe
rNeg   . . .     Faith    .     (no shield)
rPois  .         Spirit   .     (helmet restricted)
rElec  .         Dismiss  .     (no cloak)
rCorr  +         Reflect  .     (gloves unavailable)
SustAt .         Harm     .     (boots unavailable)
MR     .....                    (no amulet)
Stlth  +.........               (no ring)
                                s - ring of resist corrosion

@: drained, not resistant to hostile enchantments, very unstealthy
A: unfitting armour, tough skin 1
a: no special abilities


You were on level 2 of the Dungeon.
You were very hungry.

You visited 1 branch of the dungeon, and saw 2 of its levels.

You collected 83 gold pieces.

Inventory:

Hand Weapons
 a - a +2 falchion
 i - a +0 club (weapon)
Missiles
 h - 12 javelins (quivered)
 k - 24 poisoned needles
 l - 8 needles of frenzy
Armour
 d - a +0 robe (worn)
Jewellery
 s - a ring of resist corrosion (left hand)
Scrolls
 j - a scroll of remove curse
 p - a scroll of identify {unknown}
 t - a scroll of magic mapping {unknown}
Potions
 m - a potion of curing {unknown}
 o - a potion of cure mutation {unknown}
 q - a potion of degeneration {unknown}
 r - a potion of agility {unknown}
Books
 b - the Grimoire of Attacks

   Spells                             Type                      Level
   a - Shock                          Conjuration/Air              1
   b - Stone Arrow                    Conjuration/Earth            3
 c - Imikk's Collected Works on Confrontation

   Spells                             Type                      Level
   a - Magic Dart                     Conjuration                  1
   b - Dazzling Spray                 Conjuration/Hexes            3
Comestibles
 f - 2 bread rations
 g - 2 meat rations
 n - a beef jerky


   Skills:
 - Level 3.7(2.6) Fighting
 - Level 1.0(0.0) Long Blades
 + Level 1.3(0.3) Maces & Flails
 - Level 1.0(0.0) Throwing
 - Level 1.0(0.0) Dodging
   Level 1.0(0.0) Shields
 - Level 3.6(2.5) Spellcasting
   Level 1.3(0.3) Air Magic


You had 9 spell levels left.
You didn't know any spells.

Dungeon Overview and Level Annotations

Branches:
Dungeon (2/15)

Altars:


Innate Abilities, Weirdness & Mutations

You are too large for most types of armour.
You have tough skin. (AC +1)


Message History

The giant newt bites you.
You barely miss the worm.
The worm is moderately wounded.
The giant newt barely misses you. The worm bites you.
* * * LOW HITPOINT WARNING * * *
You are too injured to fight recklessly!
You are too injured to fight recklessly!
You are too injured to fight recklessly!
You barely miss the giant newt.
The giant newt hisses menacingly.
The giant newt closely misses you.
As you read the scroll labeled USESURH YGRAMM, it crumbles to dust.
You feel blessed for a moment.
It was a scroll of remove curse.
The giant newt barely misses you. The worm bites you!
* * * LOW HITPOINT WARNING * * *
It was a potion of cancellation.
You feel magically purged. The giant newt bites you.
* * * LOW HITPOINT WARNING * * *
The worm bites you.
You die...

#........#
#.# .#
##...###.#
#.## .# #..##
#.# #..# .#
#..# #.# ##.#
.# #..#
#.#####.##.#
##..#
#.(........##
...[#
#######.#...#
....# #.#l#.#
##### #.#@# #
# #.#w# #
#.#.# # #.#.#
# #.#.# . ...
#.# #.#


You could see a worm and a giant newt.

Vanquished Creatures
  An ooze (D:1)
  6 goblins
  4 hobgoblins
  5 bats (D:1)
  2 giant newts (D:1)
  6 kobolds
  3 rats
27 creatures vanquished.

Notes
Turn   | Place    | Note
--------------------------------------------------------------
     0 | D:1      | wvc the Ogre Wanderer began the quest for the Orb.
     0 | D:1      | wvc set off with: a +2 falchion, the Grimoire of Attacks, Imikk's Collected Works on Confrontation, a +0 robe, a bread ration
     0 | D:1      | Reached XP level 1. HP: 19/19 MP: 5/5
    54 | D:1      | Reached XP level 2. HP: 20/29 MP: 6/6
   524 | D:1      | Reached XP level 3. HP: 39/39 MP: 8/8
   628 | D:1      | wvc: суть игры огром: найти дубины и качать дубины
   628 | D:1      | wvc: соснуть от первого пака ядовитых пчёл
   628 | D:1      | wvc: потому что огр толстый и пчолки жалят в беззащитное пузико
   628 | D:1      | wvc: весь рой пидрил
   819 | D:1      | Reached skill level 1 in Maces & Flails
  1216 | D:2      | HP: 1/39 [giant newt (2)]
  1216 | D:2      | Slain by a worm

Vault maps used:
D:1:      minmay_arrival_stair_chambers
D:2:      nicolae_overflow_crystal_walls, overflow_temple_1_default,
          ecumenical_altar_2, corexii_leaking_fountain

Skill      XL: |  1  2  3 |
---------------+----------+-----
Fighting       | 2 3 |  3.7
Maces & Flails | 1 |  1.3
Long Blades    | |  1.0
Throwing       | |  1.0
Dodging        | |  1.0
Shields        | |  1.0
Spellcasting   | |  3.6
Air Magic      | |  1.3

Action                   || total
-------------------------++-------
Melee: Falchion          ||    49
       Club              ||    44
  Use: Scroll            ||     1
       Potion            ||     1
Armor: Robe              ||    31
Dodge: Dodged            ||    61
